 Dungeon Crawl Stone Soup version 0.27-a0-1532-gca18f49f40 (console) character file.

Game seed: 17730672448678183426

4073 jejorda2 the Impaler (level 10, -1/76 HPs)
             Began as a Merfolk Berserker on July 12, 2021.
             Was an Elder of Trog.
             Slain by an orc warrior (9 damage)
             ... on level 8 of the Dungeon.
             The game lasted 00:12:46 (6715 turns).

jejorda2 the Impaler (Merfolk Berserker)            Turns: 6715, Time: 00:12:47

Health: -1/76      AC: 15    Str: 21    XL:     10   Next: 25%
Magic:  10/10      EV:  8    Int:  6    God:    Trog [****..]
Gold:   328        SH:  0    Dex: 14    Spells: 9/9 levels left

rFire    . . .     SeeInvis .   a - +1 spear (drain)
rCold    + . .     Faith    .   (no shield)
rNeg     . . .     Spirit   .   n - +0 plate armour
rPois    .         Reflect  .   (no helmet)
rElec    .         Harm     .   e - +2 cloak
rCorr    .         Rampage  .   (no gloves)
Will     .....                  (no boots)
Stlth    ..........             (no amulet)
HPRegen  0.22/turn              b - ring of protection from cold
MPRegen  0.12/turn              i - +4 ring of evasion

@: on berserk cooldown, held, slowed, very slow
A: (nimble swimmer 2), mertail
a: Renounce Religion, Berserk, Trog's Hand, Brothers in Arms


You were on level 8 of the Dungeon.
You worshipped Trog.
Trog was greatly pleased with you.
You visited 1 branch of the dungeon, and saw 8 of its levels.

You collected 328 gold pieces.

Inventory:

Hand Weapons
 a - a +1 spear of draining (weapon)
Missiles
 c - 6 curare-tipped darts
 d - 55 poisoned darts (quivered)
 p - 11 javelins
 u - 5 boomerangs
Armour
 e - a +2 cloak (worn)
 n - a +0 plate armour (worn)
Jewellery
 b - a ring of protection from cold (left hand)
 i - a +4 ring of evasion (right hand)
 o - a ring of protection from cold
 t - a ring of resist corrosion
Wands
 h - a wand of paralysis (1)
Scrolls
 j - a scroll of blinking {unknown}
 l - 3 scrolls of enchant armour {unknown}
 s - 2 scrolls of teleportation
 v - 2 scrolls of amnesia {unknown}
 w - 3 scrolls of vulnerability {unknown}
 y - a scroll of brand weapon
 z - a scroll of magic mapping
 A - a scroll of fog {unknown}
Potions
 f - 4 potions of curing
 g - a potion of might
 k - a potion of berserk rage
 m - 3 potions of mutation
 q - 2 potions of lignification
 r - a potion of haste
 x - a potion of flight {unknown}


   Skills:
 - Level 6.0 Fighting
 * Level 15.8 Polearms
 - Level 6.0 Armour
 - Level 2.6 Dodging


You had 9 spell levels left.
You didn't know any spells.
Your spell library was empty.

Dungeon Overview and Level Annotations

Branches:
Dungeon (8/15)             Temple (0/1) D:4
   Lair: D:8-11

Altars:
Dithmenos
Elyvilon
Makhleb
Nemelex Xobeh
Sif Muna
Wu Jian

Annotations:
D:8 Harold


Innate Abilities, Weirdness & Mutations

((You are quick and stealthy near water. (Stealth+, EV+, Speed+++)))
Your lower body shifts to a powerful aquatic tail in water.


Message History

Trog appreciates your killing of a magic user.
Reactivating autopickup.
You feel a bit more experienced.
A - a scroll labelled DEDGHOSS ICRY
Items here: ) [.
You feel a strong urge to attack something.
You feel the effects of Trog's Hand fading.
You feel your anger nearly subside.
You are no longer berserk.
You are exhausted.
You feel yourself slow down.
Items here: ) [.
Okay, then.
Unknown command.
Unknown command.
Your skin stops crawling.
You feel less strong-willed.
You now have 328 gold pieces (gained 9).
Harold the Weathered comes into view.
He is wielding a +0 halberd and wearing a +3 scale mail of cold resistance.
Harold shouts!
An orc warrior comes into view. It is wielding a +0 dire flail.
The orc warrior shouts!
You feel a little less mighty now. The orc warrior misses you.
The orc warrior hits you but does no damage.
The orc warrior closely misses you.
Harold throws a throwing net.
The throwing net hits you.
You become entangled in the net!
You see here a throwing net.
You struggle against the net.
The orc warrior hits you with a +0 dire flail! x2
You struggle against the net.
The orc warrior hits you with a +0 dire flail!
Harold hits you from afar with a +0 halberd!
You struggle against the net.
The orc warrior hits you with a +0 dire flail!!
* * * LOW HITPOINT WARNING * * *
Harold says, "I was hoping my final job would be more of a challenge, but money is money."
Harold hits you from afar with a +0 halberd.
* * * LOW HITPOINT WARNING * * *
The orc warrior hits you with a +0 dire flail!
You die...

#.# #.....# ###.#######.....#
......).).#.....#
#...#.###.#.....##########
.......)..........>..(...#
.......................#.#####
..#......#....................
....####.#....................
#.......<.......@o@......#
##########.........###...#
#.#.#..#..# #...# #.#....#..#
##..# #.#....#..# #..#
#.#....#..####..@
#.#....#..........
#.#....#...........
#.#....#)...........


You could see Harold and an orc warrior.

Vanquished Creatures
  Pikel (D:5)
  A centaur zombie (D:6)
  A komodo dragon (D:6)
  Psyche (D:8)
  A hornet (D:8)
  4 yaks (D:8)
  A wraith (D:8)
  2 steam dragons (D:6)
  An ice beast (D:6)
  A sky beast (D:6)
  2 phantoms
  2 lemures (D:5)
  2 bullfrogs
  3 kobold brigands
  A water moccasin zombie (D:5)
  3 scorpions
  3 howler monkeys
  2 hounds
  A gnoll shaman (D:7)
  3 orc priests
  4 iguanas
  3 orc wizards
  13 gnolls
  3 adders
  A howler monkey skeleton (D:5)
  A shadow imp (D:7)
  A white imp (D:6)
  An ufetubus (D:7)
  A worm (D:3)
  2 dart slugs
  11 orcs
  3 ball pythons
  8 endoplasms
  5 goblins
  3 hobgoblins
  8 jackals (D:3)
  22 kobolds
  4 quokkas
  3 bats (D:3)
  4 frilled lizards
  4 rats
141 creatures vanquished.

Vanquished Creatures (others)
  A kobold (D:7)
1 creature vanquished.

Grand Total: 142 creatures vanquished

Notes
Turn   | Place    | Note
-------+----------+-------------------------------------------
     0 | D:1      | jejorda2 the Merfolk Berserker began the quest for the Orb.
     0 | D:1      | Reached XP level 1. HP: 18/18 MP: 1/1
   433 | D:1      | Reached XP level 2. HP: 24/24 MP: 2/2
   621 | D:1      | Reached skill level 5 in Polearms
   683 | D:1      | Found a faded altar of an unknown god.
  1264 | D:2      | Reached XP level 3. HP: 27/30 MP: 3/3
  1389 | D:2      | Found a shadowy altar of Dithmenos.
  1441 | D:2      | Found a white marble altar of Elyvilon.
  1515 | D:2      | Reached ** piety under Trog
  1684 | D:2      | Reached XP level 4. HP: 29/37 MP: 4/4
  1758 | D:2      | Reached skill level 6 in Polearms
  1984 | D:3      | Reached XP level 5. HP: 23/42 MP: 5/5
  2667 | D:4      | Found a staircase to the Ecumenical Temple.
  2681 | D:4      | Reached skill level 7 in Polearms
  2770 | D:4      | Reached XP level 6. HP: 47/49 MP: 6/6
  3212 | D:5      | Entered Level 5 of the Dungeon
  3291 | D:5      | Reached skill level 8 in Polearms
  3638 | D:5      | Found an ornate altar of the Wu Jian Council.
  3923 | D:5      | Found a sparkling altar of Nemelex Xobeh.
  3933 | D:5      | Found a shimmering blue altar of Sif Muna.
  4058 | D:5      | Reached skill level 5 in Fighting
  4058 | D:5      | Reached XP level 7. HP: 55/56 MP: 7/7
  4064 | D:5      | Noticed Pikel
  4075 | D:5      | Killed Pikel
  4076 | D:5      | Reached skill level 10 in Polearms
  4076 | D:5      | Reached XP level 8. HP: 64/64 MP: 8/8
  4223 | D:5      | Found a burning altar of Makhleb.
  4332 | D:6      | Identified the +3 rapier "Hoesear" {flame, rF+ Dex+2}
  4505 | D:6      | Reached skill level 11 in Polearms
  4614 | D:6      | Reached *** piety under Trog
  4689 | D:6      | Reached skill level 12 in Polearms
  4689 | D:6      | Reached XP level 9. HP: 57/69 MP: 9/9
  5001 | D:6      | Noticed a komodo dragon
  5026 | D:6      | Killed a komodo dragon
  5027 | D:6      | Reached skill level 13 in Polearms
  5027 | D:6      | Reached skill level 5 in Armour
  6151 | D:8      | Reached skill level 14 in Polearms
  6155 | D:8      | Reached **** piety under Trog
  6314 | D:8      | Reached XP level 10. HP: 73/76 MP: 10/10
  6567 | D:8      | Reached skill level 15 in Polearms
  6669 | D:8      | Noticed Psyche
  6684 | D:8      | Killed Psyche
  6705 | D:8      | Noticed Harold
  6715 | D:8      | Slain by an orc warrior

Illustrated notes

Levels and vault maps discovered:
D:1:      dpeg_cavernosity, layout_loops_ring,
          dreamdust_ecumenical_altar_statues, st_stairs_7
D:2:      layout_rooms, basic_altar, kennysheep_flooded_box
D:3:      layout_rooms
D:4:      layout_rooms, minmay_temple_entry_arrows,
          chequers_serial_rivers_micro_e
D:5:      layout_basic, makhleb_heckhound_becter,
          pdpol_wu_jian_five_deadly_venoms, amethyst_overflow_temple_binary,
          uniq_pikel
D:6:      layout_loops_ring, hangedman_abyss_or_decor_stagger
D:7:      layout_rooms, serial_bayou_crossing
D:8:      layout_basic, hangedman_decor_lopped, uniq_harold, uniq_psyche

Skill      XL: |  1  2  3  4  5  6  7  8  9 10 |
---------------+-------------------------------+-----
Polearms       | 5 6 7 8 10 12 14 15 | 15.8
Armour         | 2 3 4 5 6 |  6.0
Fighting       | 4 5 6 |  6.0
Dodging        | |  2.6

Action                   |  1- 3 |  4- 6 |  7- 9 | 10-12 || total
-------------------------+-------+-------+-------+-------++-------
Melee: Spear             |    87 |   227 |   323 |    54 ||   691
Throw: Dart              |       |     4 |     1 |     2 ||     7
Invok: Berserk           |     2 |     2 |     5 |     2 ||    11
       Trog's Hand       |       |       |       |     1 ||     1
Evoke: Wand              |       |       |       |     3 ||     3
  Use: Scroll            |       |    11 |     2 |       ||    13
 Stab: Sleeping          |     1 |       |       |       ||     1
Armor: Scale mail        |    12 |    46 |       |       ||    58
       Plate armour      |       |    11 |    82 |     9 ||   102
Dodge: Dodged            |    32 |    91 |    85 |    13 ||   221

Table legend: (Time is in decaauts)
 A = Elapsed time spent in this place.
 B = Non-inter-level travel time spent in this place.
 C = Inter-level travel time spent in this place.
 D = Time resting spent in this place.
 E = Time spent auto-exploring this place.
 F = Levels seen in this place.
 G = Mean time per level.
                   A        B        C        D        E       F      G
               +--------+--------+--------+--------+--------+-----+--------+
         Total |   6552 |   6225 |    327 |    487 |   4841 |   8 |  819.0 |
       Dungeon |   6552 |   6225 |    327 |    487 |   4841 |   8 |  819.0 |
               +--------+--------+--------+--------+--------+-----+--------+

Top non-repeatable levels by time:
     D:1: 1216 daAuts
     D:6: 1079 daAuts
     D:5: 1010 daAuts
     D:4: 762 daAuts
     D:7: 673 daAuts
     D:2: 644 daAuts
     D:3: 592 daAuts
     D:8: 572 daAuts
